 Dungeon Crawl Stone Soup version 0.25-a0-547-g27a0b5d1ef (webtiles) character file.

Game seed: 3231921907743261586, levelgen mode: deterministic

88 uhmor the Gusty (level 4, 0/36 HPs)
             Began as a Draconian Air Elementalist on Feb 22, 2020.
             Slain by Terence
             ... wielding a +4 vorpal morningstar
              (2 damage)
             ... on level 1 of the Dungeon.
             The game lasted 00:10:00 (2090 turns).

uhmor the Gusty (Draconian Air Elementalist)        Turns: 2090, Time: 00:10:00

Health: 0/36       AC:  5    Str: 10    XL:     4   Next: 30%
Magic:  6/7        EV: 12    Int: 17    God:
Gold:   71         SH:  0    Dex: 11    Spells: 4/7 levels left

rFire    . . .     SeeInvis .   d - +0 short sword
rCold    . . .     Gourm    .   (no shield)
rNeg     . . .     Faith    .   (armour unavailable)
rPois    .         Spirit   .   (helmet restricted)
rElec    .         Reflect  .   (no cloak)
rCorr    .         Harm     .   (no gloves)
MR       .....                  (no boots)
Stlth    ++........             (no amulet)
HPRegen  0.12/turn              (no ring)
MPRegen  0.10/turn              (no ring)

@: no status effects
A: unfitting armour, cold-blooded, AC +5
a: no special abilities


You were on level 1 of the Dungeon.
You were very hungry.

You visited 1 branch of the dungeon, and saw 2 of its levels.

You collected 71 gold pieces.

Inventory:

Hand Weapons
 d - a +0 short sword (weapon)
Missiles
 c - 16 bolts
 n - 2 curare-tipped darts (quivered)
Wands
 l - a wand of random effects (17)
Scrolls
 a - a scroll of enchant weapon {unknown}
 e - 2 scrolls of remove curse {unknown}
 h - 3 scrolls of teleportation {unknown}
 i - a scroll of noise {unknown}
 m - a scroll of identify {unknown}
Potions
 g - a potion of magic {unknown}
 j - 2 potions of heal wounds {unknown}
 k - a potion of brilliance {unknown}
Comestibles
 b - 3 rations


   Skills:
 * Level 2.1 Fighting
 * Level 2.6 Dodging
 + Level 2.2 Stealth
 + Level 2.3 Spellcasting
 + Level 1.6 Conjurations
 + Level 3.2 Air Magic


You had 4 spell levels left.
You knew the following spells:

 Your Spells              Type           Power        Failure   Level  Hunger
a - Shock                 Conj/Air       ##..         7%          1    #......
b - Swiftness             Chrm/Air       #.......     14%         2    ###....

Your spell library contained the following spells:

 Spells                   Type           Power        Failure   Level  Hunger
 Static Discharge         Conj/Air       ##......     21%         3    ###....
 Airstrike                Air            ##........   45%         4    #####..
 Lightning Bolt           Conj/Air       ##........   88%         5    ######.


Dungeon Overview and Level Annotations

Branches:
Dungeon (2/15)

Altars:

Annotations:
D:1 Terence


Innate Abilities, Weirdness & Mutations

Your plain brown scales are hard. (AC +5)
You cannot fit into any form of body armour.
You are cold-blooded and may be slowed by cold attacks.


Message History

Terence shouts, "Now you die!"
Terence shouts, "ATTACK!!!"
You are feeling very hungry.
Terence shouts, "Get ready for death!"
Terence says, "Did you write a will?
You should..."
There is a stone staircase leading up here.
You can't go down here!
Terence barely misses you.
You climb upwards.
There is a stone staircase leading down here.
Casting: Swiftness (safe; 14% risk of failure)
Confirm with . or Enter, or press ? or * to list all spells.
Aiming: Shock (safe; 7% risk of failure)
Press: ? - help, Shift-Dir - straight line, f - Terence
Aim: Terence, wielding a +4 vorpal morningstar and wearing a +2 scale mail of fire resistance (heavily wounded)
The zap hits Terence.
Terence is heavily wounded.
Terence hits you with a +4 vorpal morningstar.
* * * LOW HITPOINT WARNING * * *
You die...

#≈≈≈≈≈≈≈≈≈≈≈#'#≈.≈.########## #
#≈≈≈≈≈≈≈≈≈≈≈≈≈≈.≈#..........#####
#≈.≈...≈...≈...≈######......#....
###########.....# #......#....
#....#.###.#######+##.##....
#.##.#.#...........##.#.....
#.##.#.#.#>.................
#.##'#.#.#@##########.#.####
#.#....#.#.@................
#.#....#.................###
#.#....#############.....#
#.#....# #............# #)#....#
#............# #.##.#.#
#............#
#.##.#.######............#
#.##.#...................#
#.##.########........##.####


You could see Terence.

Vanquished Creatures
  3 adders (D:2)
  A worm (D:2)
  2 dart slugs (D:1)
  A leopard gecko (D:2)
  A ball python (D:1)
  2 giant cockroaches
  6 goblins
  9 hobgoblins
  8 jackals (D:2)
  A quokka (D:2)
  A bat (D:2)
  6 frilled lizards
  5 kobolds
  3 rats
49 creatures vanquished.

Notes
Turn   | Place    | Note
-------+----------+-------------------------------------------
     0 | D:1      | uhmor the Draconian Air Elementalist began the quest for
                  | the Orb.
     0 | D:1      | Reached XP level 1. HP: 14/14 MP: 3/3
   500 | D:1      | Reached skill level 1 in Fighting
   500 | D:1      | Reached XP level 2. HP: 23/23 MP: 5/5
   609 | D:1      | Learned a level 2 spell: Swiftness
   819 | D:1      | Reached XP level 3. HP: 27/28 MP: 3/6
  1312 | D:2      | Noticed Terence
  1537 | D:2      | Reached XP level 4. HP: 14/36 MP: 0/7
  2025 | D:2      | HP: 1/36 [Terence/+4 vorpal morningstar (1)]
  2090 | D:1      | Slain by Terence

Levels and vault maps discovered:
D:1:      minmay_arrival_floating_metal, layout_basic, minmay_ruptured
D:2:      layout_rooms, first_ration, uniq_terence

Skill      XL: |  1  2  3 |
---------------+----------+-----
Dodging        | 2 |  2.6
Fighting       | 1 2 |  2.1
Stealth        | 2 |  2.2
Spellcasting   | |  2.3
Conjurations   | |  1.6
Air Magic      | |  3.2

Action                   |  1- 3 |  4- 6 || total
-------------------------+-------+-------++-------
Melee: Short sword       |    74 |    21 ||    95
       Tailslap          |     3 |       ||     3
 Cast: Shock             |    48 |    24 ||    72
       Swiftness         |     1 |     2 ||     3
 Stab: Sleeping          |     4 |     1 ||     5
  Eat: Chunk             |     3 |     1 ||     4
Armor: Skin              |    21 |     8 ||    29
Dodge: Dodged            |    51 |    21 ||    72

Table legend:
 A = Non-vault XP
 B = Vault XP
 C = Vault XP percentage of total XP
 D = Non-vault monster count
 E = Vault monster count
 F = Vault count percentage of total count
                 A         B        C        D         E       F
            +---------+---------+-------+---------+---------+-------
      Total |     115 |      12 |   9.4 |      45 |       4 |   8.2
            +---------+---------+-------+---------+---------+-------
        D:1 |      31 |      12 |  27.9 |      19 |       4 |  17.4
        D:2 |      84 |       0 |   0.0 |      26 |       0 |   0.0
            +---------+---------+-------+---------+---------+-------
